 Dungeon Crawl Stone Soup version 0.30-a0-1066-g63dfefce0d (webtiles) character file.

Game seed: 2592934478525270333

126 demibob the Cudgeller (level 4, 0/30 HPs)
             Began as a Demonspawn Wanderer on Apr 13, 2023.
             Slain by Natasha (4 damage)
             ... on level 3 of the Dungeon.
             The game lasted 00:06:01 (1953 turns).

demibob the Cudgeller (Demonspawn Wanderer)         Turns: 1953, Time: 00:06:02

Health: 0/30       AC:  5    Str: 12    XL:     4   Next: 83%
Magic:  5/5        EV: 10    Int: 14    God:
Gold:   119        SH:  4    Dex: 14    Spells: 5/5 levels left

rFire   . . .      SeeInvis .    a - +3 mace
rCold   . . .      Faith    .    b - +0 buckler
rNeg    . . .      Spirit   .    d - +0 robe
rPois   .          Reflect  .    g - +0 helmet
rElec   .          Rampage  .    (no cloak)
rCorr   .                        (no gloves)
Will    .....                    (no boots)
Stlth   +                        (no amulet)
HPRegen 0.25/turn                (no ring)
MPRegen 0.09/turn                (no ring)

@: brilliant
A: yellow scales 1, weakness stinger 1
a: no special abilities


You were on level 3 of the Dungeon.
You visited 1 branch of the dungeon, and saw 3 of its levels.

You collected 163 gold pieces.
You spent 44 gold pieces at shops.


Innate Abilities, Weirdness & Mutations

You are partially covered in yellow scales. (AC +2)
You have a small tail.


   Skills:
 * Level 3.9 Maces & Flails
 - Level 1.0 Throwing
 - Level 1.0 Armour
 + Level 2.4 Shields
 - Level 1.0 Spellcasting
 - Level 2.6 Air Magic
 - Level 1.2 Invocations


You had 5 spell levels left.
You didn't know any spells.
Your spell library contained the following spells:

 Spells                   Type           Power      Damage    Failure   Level
 Poisonous Vapours        Pois/Air       12%        N/A       30%         2
 Static Discharge         Conj/Air       12%        2-3/arc   30%         2
 Cigotuvi's Dreadful Rot  Necr/Pois/Air  8%         N/A       36%         2
 Mephitic Cloud           Conj/Pois/Air  4%         N/A       58%         3
 Portal Projectile        Hex/Tloc       2%         N/A       71%         3
 Tukima's Dance           Hex            1%         N/A       71%         3
 Blade Hands              Tmut           0%         N/A       100%        5
 Freezing Cloud           Conj/Ice/Air   2%         6-21      100%        5

Inventory:

Hand Weapons
 a - a +3 mace (weapon)
Armour
 b - a +0 buckler (worn)
 d - a +0 robe (worn)
 g - a +0 helmet (worn)
 i - +1 ice dragon scales
Jewellery
 F - a ring of fire
Scrolls
 c - 2 scrolls of fog
Potions
 f - a potion of attraction
 j - a potion of lignification {unknown}
 l - a potion of cancellation

Dungeon Overview and Level Annotations

Branches:
Dungeon (3/15)

Altars:

Shops:
D:1 *   D:2 *=(:

Annotations:
D:3 Natasha

####.#.#..##.#
#######.#.......#
................#
#######.###.....##
#.............#
#.##.###.....## ..
#.# ##....# ## #.#
##.#.# ... #@# #
#.# #h# ... 55. ..
##.## #.# (.# ###


You could see Natasha and 2 cerulean imps.


Message History

j - a yellow potion
Things that are here:
a +0 club; a +0 robe; the human corpse of Jessica
F - a ring of fire Natasha, Servant of Life and Death comes into view.
Natasha casts a spell.
Found 2 stones.
Natasha stares at you and mumbles some strange words.
The magic dart hits you!
Natasha mumbles some strange words.
The cerulean imp hits you from afar with a +2 spear.
Unknown command.
You feel better.
The cerulean imp hits you from afar with a +2 spear.
Okay, then.
You barely miss Natasha. Natasha claws you.
The cerulean imp completely misses you.
The cerulean imp hits you from afar with a +2 spear.
* * * LOW HITPOINT WARNING * * *
Unknown command.
Okay, then.
It was a potion of brilliance.
You feel clever all of a sudden. You block Natasha's attack.
The cerulean imp hits you from afar with a +2 spear.
* * * LOW HITPOINT WARNING * * *
The cerulean imp hits you from afar with a +2 spear.
* * * LOW HITPOINT WARNING * * *
Natasha attacks as you move away! Natasha claws you.
You die...

Skill      XL: |  1  2  3 |
---------------+----------+-----
Maces & Flails | 2 3 |  3.9
Shields        | 2 |  2.4
Throwing       | |  1.0
Armour         | |  1.0
Spellcasting   | |  1.0
Air Magic      | |  2.6
Invocations    | |  1.2

Action                     |  1- 3 |  4- 6 || total
---------------------------+-------+-------++-------
  Melee: Mace              |   154 |    37 ||   191
         Tailslap          |       |     2 ||     2
    Use: Scroll            |     9 |       ||     9
         Potion            |       |     5 ||     5
 Armour: Robe              |    45 |    16 ||    61
  Dodge: Dodged            |    76 |    29 ||   105
  Block: Buckler           |    27 |    12 ||    39

Levels and vault maps discovered:
D:1:      psy_arrival_conway, layout_basic, serial_shops, shop,
          minmay_indecisive_spiral
D:2:      kennysheep_six_static_rooms, layout_rooms, serial_shops, shop,
          nicolae_shop_waterfront, nicolae_shop_crystal, nicolae_square_shop,
          kennysheep_generic_room_15
D:3:      layout_loops_ring, minmay_liquid_box, kennysheep_crisscross,
          kennysheep_boxes, uniq_natasha, uniq_robin, uniq_jessica

Notes
Turn   | Place    | Note
-------+----------+-------------------------------------------
     0 | D:1      | demibob the Demonspawn Wanderer began the quest for the
                  | Orb.
     0 | D:1      | demibob set off with the following items: a +2 mace, a +0
                  | buckler, a scroll of fog, a +0 robe; and the following
                  | spells available to memorise: Static Discharge, Cigotuvi's
                  | Dreadful Rot.
     0 | D:1      | Reached XP level 1. HP: 13/13 MP: 2/2
    53 | D:1      | Reached skill level 2 in Maces & Flails
   103 | D:1      | Gained mutation: You are partially covered in yellow
                  | scales. (AC +2) [demonic ancestry]
   103 | D:1      | Reached XP level 2. HP: 12/19 MP: 3/3
   145 | D:1      | Found Riomu Etukk's General Store.
   793 | D:2      | Found Faitemp's Jewellery Shoppe.
   807 | D:2      | Reached XP level 3. HP: 24/24 MP: 4/4
   836 | D:2      | Found Weg Wees's General Store.
   909 | D:2      | Found Wediacw's Weapon Boutique.
   947 | D:2      | Bought a potion of might for 44 gold pieces
  1204 | D:2      | Reached skill level 3 in Maces & Flails
  1344 | D:2      | Reached skill level 2 in Shields
  1643 | D:2      | Found Enicwo's Book Emporium.
  1759 | D:3      | Identified the +7 hand axe of Durem {venom, rC+ Stlth+}
  1780 | D:3      | Gained mutation: You have a small tail. [demonic ancestry]
  1780 | D:3      | Reached XP level 4. HP: 27/30 MP: 5/5
  1781 | D:3      | Noticed Robin
  1793 | D:3      | Killed Robin
  1838 | D:3      | Noticed Jessica
  1893 | D:3      | Killed Jessica
  1946 | D:3      | Noticed Natasha
  1953 | D:3      | Slain by Natasha

Vanquished Creatures
  Jessica (D:3)
  Robin (D:3)
  An adder (D:2)
  2 worms (D:2)
  4 dart slugs
  4 ball pythons
  5 endoplasms
  2 giant cockroaches
  12 goblins
  4 hobgoblins
  5 jackals
  6 kobolds
  A quokka (D:1)
  8 bats
  3 frilled lizards
  2 rats
61 creatures vanquished.

Table legend: (Time is in decaauts)
 A = Elapsed time spent in this place.
 B = Non-inter-level travel time spent in this place.
 C = Inter-level travel time spent in this place.
 D = Time resting spent in this place.
 E = Time spent auto-exploring this place.
 F = Levels seen in this place.
 G = Mean time per level.
                   A        B        C        D        E       F      G
               +--------+--------+--------+--------+--------+-----+--------+
         Total |   2019 |   1903 |    116 |     69 |   1318 |   3 |  673.0 |
       Dungeon |   2019 |   1903 |    116 |     69 |   1318 |   3 |  673.0 |
               +--------+--------+--------+--------+--------+-----+--------+

Top non-repeatable levels by time:
     D:1: 871 daAuts
     D:2: 854 daAuts
     D:3: 293 daAuts

Table legend:
 A = Non-vault XP
 B = Vault XP
 C = Vault XP percentage of total XP
 D = Non-vault monster count
 E = Vault monster count
 F = Vault count percentage of total count
                 A         B        C        D         E       F
            +---------+---------+-------+---------+---------+-------
      Total |      93 |      87 |  48.3 |      40 |      21 |  34.4
            +---------+---------+-------+---------+---------+-------
        D:1 |      36 |       4 |  10.0 |      18 |       4 |  18.2
        D:2 |      39 |      15 |  27.8 |      14 |       7 |  33.3
        D:3 |      18 |      68 |  79.1 |       8 |      10 |  55.6
            +---------+---------+-------+---------+---------+-------
